 Dungeon Crawl Stone Soup version 0.29.0-13-gc9e81de378 (webtiles) character file.

Game seed: 5704284802511186670

111795 iguanaiguana the Severer (level 16, 0/102 HPs)
             Began as a Minotaur Fighter on Sept 8, 2022.
             Was the Champion of Qazlal.
             Killed by the air
             ... invoked by a blizzard demon
              (12 damage)
             ... on level 2 of the Abyss.
             The game lasted 00:36:31 (24909 turns).

iguanaiguana the Severer (Minotaur Fighter)        Turns: 24909, Time: 00:36:32

Health: 0/102      AC: 31    Str: 28 (29) XL:     16   Next: 10%
Magic:  19/19      EV:  5    Int: 13      God:    Qazlal [******]
Gold:   811        SH: 21    Dex: 12 (13) Spells: 15/15 levels left

rFire   + + .      SeeInvis .   a - +4 broad axe of Leystoc {holy, rN+ rCorr Int+3}
rCold   . . .      Faith    .   c - +0 tower shield
rNeg    + + .      Spirit   .   x - +8 orange crystal plate armour {Archmagi, Int+3 Clar}
rPois   +          Reflect  .   R - +2 hat {Stlth+}
rElec   .          Harm     .   E - +2 cloak {rPois}
rCorr   +          Rampage  .   W - +2 pair of gloves {Dex+3}
Will    +....      Archmagi +   A - +2 pair of boots
Stlth   .......... Clarity  +   p - amulet of the acrobat
HPRegen 0.27/turn               J - ring "Byh Bywycyt" {rF+ EV+4 Str+2 Stlth+}
MPRegen 0.16/turn               K - ring of Giog {rF+ rN+ Int+6 Slay+4}

@: about to teleport, studying 2 skills, repel missiles
A: horns 2, retaliatory headbutt, iridescent scales 1, clumsy 1, [berserk 2],
[deformed body], [deterioration 2], [dopey 2], [frail 3], [low MP 3], [screaming
2]
a: Renounce Religion, Upheaval, Elemental Force, Disaster Area


You were on level 2 of the Abyss.
You worshipped Qazlal.
Qazlal was exalted by your worship.
You visited 4 branches of the dungeon, and saw 23 of its levels.
You visited the Abyss 1 time.
You also visited: Sewer and Gauntlet.

You collected 2360 gold pieces.
You spent 1549 gold pieces at shops.

Inventory:

Hand Weapons
 a - the +4 broad axe of Leystoc (weapon) {holy, rN+ rCorr Int+3}
   (You found it on level 7 of the Dungeon)

   It has been blessed by the Shining One to cause great damage to the undead
   and demons.
   Int:       It affects your intelligence (+3).
   rN:        It protects you from negative energy.
   rCorr:     It protects you from acid and corrosion.
 b - a +0 eveningstar of flaming
Missiles
 e - 26 boomerangs (quivered)
 f - 72 poisoned darts
 o - 2 throwing nets
 I - 8 silver javelins
 Q - 9 curare-tipped darts
 T - 3 silver boomerangs
 V - 18 javelins
Armour
 c - a +0 tower shield (worn)
 x - the +8 orange crystal plate armour (worn) {Archmagi, Int+3 Clar}
   (You acquired it on level 1 of the Lair of Beasts)

   Int:       It affects your intelligence (+3).
   Clar:      It protects you against confusion.
 A - a +2 pair of boots (worn)
 E - a +2 cloak of poison resistance (worn)
 R - a +2 hat of stealth (worn)
 W - a +2 pair of gloves of dexterity (worn)
Jewellery
 p - an amulet of the acrobat (around neck)
 q - a ring of willpower
 B - the ring "Goiginy" {Will+ Str-4 Int-2 Dex+8 SInv}
   (You found it in a Gauntlet)

   [ring of willpower]

   Str:       It affects your strength (-4).
   Int:       It affects your intelligence (-2).
   Dex:       It affects your dexterity (+8).
   SInv:      It lets you see invisible.
   Will:      It increases your willpower.
 D - a ring of protection from fire
 J - the ring "Byh Bywycyt" (left hand) {rF+ EV+4 Str+2 Stlth+}
   (You took it off a minotaur in a Gauntlet)

   [ring of evasion]

   EV:        It affects your evasion (+4).
   Str:       It affects your strength (+2).
   rF:        It protects you from fire.
   Stlth:     It makes you more stealthy.
 K - the ring of Giog (right hand) {rF+ rN+ Int+6 Slay+4}
   (You found it in a Gauntlet)

   [ring of intelligence]

   Int:       It affects your intelligence (+6).
   Slay:      It affects your accuracy & damage with ranged weapons and melee
   (+4).
   rF:        It protects you from fire.
   rN:        It protects you from negative energy.
 X - a ring "Worchic" {rC+ rN+ AC+4 Dex-2}
   (You found it on level 2 of the Lair of Beasts)

   [ring of protection]

   AC:        It affects your AC (+4).
   Dex:       It affects your dexterity (-2).
   rC:        It protects you from cold.
   rN:        It protects you from negative energy.
Wands
 g - a wand of digging (4) {@v3}
 y - a wand of mindburst (23)
 C - a wand of acid (4) {@v1}
 M - a wand of charming (9)
 P - a wand of flame (41)
 S - a wand of iceblast (28) {@v2}
Scrolls
 l - a scroll of blinking {@r4}
 n - 15 scrolls of teleportation {@r3}
 u - 2 scrolls of fog
 v - a scroll of poison
 w - 6 scrolls of vulnerability
 F - a scroll of summoning
 L - a scroll of silence
 U - 4 scrolls of immolation
 Z - 3 scrolls of magic mapping {@r5}
Potions
 d - 5 potions of might {@q3}
 h - 5 potions of flight
 j - 5 potions of mutation
 k - 8 potions of curing {@q1}
 m - 2 potions of resistance {@q5}
 r - 2 potions of invisibility
 s - 3 potions of haste {@q4}
 t - a potion of cancellation
 z - 3 potions of lignification
 G - a potion of ambrosia
 N - 5 potions of heal wounds {@q2}
 O - 2 potions of magic
 Y - 7 potions of attraction
Miscellaneous
 i - a condenser vane
 H - a phantom mirror


   Skills:
 - Level 14.8 Fighting
 + Level 17.6 Axes
 - Level 12.0 Throwing
 - Level 5.0 Armour
 - Level 5.0 Shields
 - Level 17.2 Invocations
 - Level 8.0 Evocations


You had 15 spell levels left.
You didn't know any spells.
Your spell library contained the following spells:

 Spells                   Type           Power      Damage    Failure   Level
 Necrotise                Necr           0%         1d4       100%        1
 Shock                    Conj/Air       0%         1d3       100%        1
 Sting                    Tmut/Pois      0%         1d3       100%        1
 Blink                    Tloc           0%         N/A       100%        2
 Poisonous Vapours        Pois/Air       0%         N/A       100%        2
 Lesser Beckoning         Tloc           0%         N/A       100%        3
 Stone Arrow              Conj/Erth      0%         3d7       100%        3
 Summon Guardian Golem    Hex/Summ       0%         N/A       100%        3
 Swiftness                Air            0%         N/A       100%        3
 Vampiric Draining        Necr           0%         2d6       100%        3
 Airstrike                Air            0%         2d(0-16)  100%        4
 Anguish                  Hex/Necr       0%         N/A       100%        4
 Animate Armour           Summ/Erth      0%         N/A       100%        4
 Olgreb's Toxic Radiance  Pois           0%         N/A       100%        4
 Petrify                  Tmut/Erth      0%         N/A       100%        4
 Summon Ice Beast         Ice/Summ       0%         N/A       100%        4
 Agony                    Necr           0%         N/A       100%        5
 Manifold Assault         Tloc           0%         N/A       100%        5
 Enfeeble                 Hex            0%         N/A       100%        7
 Orb of Destruction       Conj           0%         9d5       100%        7
 Spellforged Servitor     Conj/Summ      0%         N/A       100%        7
 Lehudib's Crystal Spear  Conj/Erth      0%         10d2      100%        8
 Polar Vortex             Ice            0%         N/A       100%        9


Dungeon Overview and Level Annotations

Branches:
Dungeon (15/15) Zot: 26850  Temple (1/1) D:4 Zot: 5867    Lair (5/5) D:10 Zot: 23910
  Swamp (0/4) Lair:3       Spider (0/4) Lair:3        Slime (0/5) Lair:4
    Orc (2/2) D:11 Zot: 10027     Elf (0/3) Orc:2        Vaults (0/5) D:14
  Sewer (visited)         Gauntlet (visited)
 Depths: D:15

Altars:
Ashenzari
Cheibriados
Dithmenos
Elyvilon
Fedhas
Gozag
Hepliaklqana
Kikubaaqudgha
Makhleb
Nemelex Xobeh
Okawaru
Qazlal
Ru
Sif Muna
Trog
Uskayaw
Vehumet
Wu Jian
Xom
Yredelemnul
Zin
The Shining One
Jiyva

Shops:
D:4 *   Orc:2 (*(:[


Innate Abilities, Weirdness & Mutations

You have a pair of horns on your head.
You reflexively headbutt those who attack you in melee.
You are partially covered in iridescent scales. (AC +2)
You are clumsy. (Dex -2)
[You have an uncontrollable temper.]
[Armour fits poorly on your strangely shaped body.]
[Your body often deteriorates upon taking damage.]
[You are very dopey. (Int -4)]
[You are extremely frail. (-30% HP)]
[Your magical capacity is extremely low. (-30% MP)]
[You frequently scream uncontrollably at your foes.]


Message History

You hear a shout! x2
A sixfirhy comes into view.
A starcursed mass comes into view.
There are monsters nearby!
You miss the sixfirhy.
You hear a shout!
A starcursed mass splits.
A chorus of shrieks assaults your mind.
* * * LOW HITPOINT WARNING * * *
You closely miss the sixfirhy.
You hear a bark!
An iron imp comes into view.
A blizzard demon comes into view.
You scream at the blizzard demon!
You barely miss the sixfirhy.
A starcursed mass splits.
The sixfirhy hits you.
* * * LOW HITPOINT WARNING * * *
The sixfirhy shocks you!
* * * LOW HITPOINT WARNING * * *
Your body deteriorates!
You feel weakened.
You miss the sixfirhy.
The sixfirhy is moderately wounded.
You slash the starcursed mass!
The starcursed mass shudders and is absorbed by its neighbour.
The sixfirhy hits you.
* * * LOW HITPOINT WARNING * * *
The sixfirhy shocks you!
* * * LOW HITPOINT WARNING * * *
Your body deteriorates!
You feel clumsy.
A starcursed mass splits.
As you read the scroll of teleportation {@r3}, it crumbles to dust.
You feel strangely unstable.
You feel the power of the Abyss delaying your translocation!
A chorus of shrieks assaults your mind.
* * * LOW HITPOINT WARNING * * *
The blizzard demon waves its arms in wide circles.
The air twists around and strikes you.
A starcursed mass splits.
Blink to where?
Press: ? - help, Dir - move target
As you read the scroll of blinking {@r4}, it crumbles to dust.
The blizzard demon waves its arms in wide circles.
The air twists around and strikes you!
You die...

##. #X# .. #§#
#. #3†# # ..
##)# #2###
#.#.##
#####☼...####..
............'..
#...@.##
#.##.## ### .


You could see a blizzard demon and a sixfirhy.

Vanquished Creatures
  A dread lich (Abyss:2)
  Gastronok (D:9)
  2 orc warlords (Orc:2)
  A minotaur (Gauntlet)
  A blizzard demon (Abyss:2)
  An ettin (Orc:1)
  Josephine (D:10)
  A catoblepas (Lair:1)
  3 centaur warriors
  9 hydras
  8 boulder beetles
  4 thrashing horrors
  Sonja (Lair:3)
  Urug (D:10)
  Nergalle (D:12)
  5 skeletal warriors (D:13)
  A fire crab (Lair:3)
  2 wretched stars (Abyss:2)
  Lodul (D:11)
  2 goliath frogs (Lair:5)
  A wizard (D:14)
  An orange crystal statue (Gauntlet)
  9 orc knights
  A deep elf pyromancer (D:15)
  A lindwurm (Lair:4)
  4 orc sorcerers (Orc:2)
  A deep elf zephyrmancer (D:14)
  6 ugly things (D:14)
  3 cyclopes
  4 manticores
  An apocalypse crab (Abyss:2)
  4 elephants (Lair:2)
  7 black mambas
  A rust devil (Abyss:2)
  2 gargoyles
  2 unseen horrors
  21 cane toads
  3 rime drakes (Lair:5)
  A kobold demonologist (Abyss:2)
  An efreet (D:14)
  11 komodo dragons
  A tengu conjurer (D:13)
  6 trolls
  4 tyrant leeches
  2 polar bears
  5 raiju (Abyss:2)
  A hornet (Lair:3)
  11 slime creatures
  26 blink frogs
  6 dream sheep (Lair:3)
  Sigmund (D:5)
  2 spriggans (Lair:2)
  5 wraiths
  A shadow (D:11)
  2 vampires
  86 yaks
  3 basilisks
  4 wyverns
  2 steam dragons
  12 vampire mosquitoes
  9 wargs
  2 swamp worms (Lair:3)
  An acid dragon (D:13)
  35 orc warriors
  30 water moccasins
  A swamp drake (Lair:4)
  3 sky beasts
  4 ice beasts
  18 wolves
  7 black bears
  25 ogres
  10 centaurs
  7 small abominations
  A phantom (D:6)
  5 kobold brigands
  16 bullfrogs
  8 gnoll sergeants
  3 scorpions
  5 wights (D:8)
  5 killer bees (D:5)
  3 howler monkeys
  5 spriggan skeletons (D:13)
  An electric eel (Lair:4)
  A troll skeleton (D:13)
  A hound (D:6)
  5 jellies
  18 orc priests
  Ijyb (D:3)
  An iron imp (Abyss:2)
  7 iguanas
  31 orc wizards
  2 hell rats (Lair:5)
  25 gnolls
  30 adders
  21 river rats
  A shadow imp (D:8)
  4 white imps
  2 ufetubi
  6 worms
  4 dart slugs
  85 orcs
  15 ball pythons
  12 endoplasms
  A giant cockroach (D:1)
  6 goblins
  9 hobgoblins
  2 jackals (D:3)
  5 quokkas
  6 bats
  3 frilled lizards
  28 kobolds
  25 rats
  A lurking horror (Abyss:2)
874 creatures vanquished.

Vanquished Creatures (collateral kills)
  Louise (D:15)
  A hydra (Lair:3)
  A centaur warrior (D:15)
  An orc warrior (Orc:2)
4 creatures vanquished.

Vanquished Creatures (others)
  Erica (D:9)
  A small abomination (Abyss:2)
  An orc (Orc:2)
  46 fungi
  101 plants
150 creatures vanquished.

Grand Total: 1028 creatures vanquished

Notes
Turn   | Place    | Note
-------+----------+-------------------------------------------
     0 | D:1      | iguanaiguana the Minotaur Fighter began the quest for the
                  | Orb.
     0 | D:1      | Reached XP level 1. HP: 19/19 MP: 0/0
   149 | D:1      | Reached XP level 2. HP: 27/27 MP: 1/1
   249 | D:1      | Found a faded altar of an unknown god.
   964 | D:2      | Reached XP level 3. HP: 24/33 MP: 2/2
  1250 | D:2      | Reached XP level 4. HP: 34/40 MP: 3/3
  1579 | D:2      | Found a glowing silver altar of Zin.
  1785 | D:3      | Noticed a scorpion
  1795 | D:3      | Killed a scorpion
  1796 | D:3      | Reached XP level 5. HP: 23/47 MP: 4/4
  1796 | D:3      | Gained mutation: [You occasionally shout uncontrollably at
                  | your foes.] [potion of mutation]
  1796 | D:3      | Gained mutation: You are clumsy. (Dex -2) [potion of
                  | mutation]
  1796 | D:3      | Lost mutation: [You occasionally shout uncontrollably at
                  | your foes.] [potion of mutation]
  1796 | D:3      | Gained mutation: You are partially covered in iridescent
                  | scales. (AC +2) [potion of mutation]
  1797 | D:3      | Reached XP level 6. HP: 34/75 MP: 5/5
  2091 | D:3      | Noticed Ijyb
  2128 | D:3      | Killed Ijyb
  2648 | D:4      | Found Ubogin's General Store.
  2837 | D:4      | Reached skill level 5 in Axes
  2837 | D:4      | Reached XP level 7. HP: 76/82 MP: 6/6
  2862 | D:4      | Found a staircase to the Ecumenical Temple.
  2881 | Temple   | Entered the Ecumenical Temple
  2984 | Temple   | Became a worshipper of Qazlal Stormbringer
  3022 | D:4      | Found a shimmering blue altar of Sif Muna.
  3118 | D:4      | Reached skill level 5 in Armour
  3118 | D:4      | Reached skill level 5 in Shields
  3129 | D:4      | Found a glowing drain.
  3137 | Sewer    | Entered a sewer
  3368 | Sewer    | Reached * piety under Qazlal
  3394 | Sewer    | Reached XP level 8. HP: 90/90 MP: 7/7
  3596 | Sewer    | Reached ** piety under Qazlal
  3855 | D:4      | Reached skill level 1 in Invocations
  4660 | D:5      | Entered Level 5 of the Dungeon
  4746 | D:5      | Reached skill level 1 in Throwing
  4929 | D:5      | Reached XP level 9. HP: 90/96 MP: 9/9
  5132 | D:5      | Noticed Sigmund
  5156 | D:5      | Killed Sigmund
  5823 | D:6      | Reached *** piety under Qazlal
  6336 | D:6      | Found an iron altar of Okawaru.
  6966 | D:7      | Reached XP level 10. HP: 34/104 MP: 12/12
  7269 | D:7      | Identified the +4 broad axe of Leystoc {holy, rN+ rCorr
                  | Int+3}
  7444 | D:7      | Reached skill level 5 in Invocations
  7732 | D:8      | Reached **** piety under Qazlal
  8192 | D:9      | Noticed Gastronok
  8207 | D:9      | Killed Gastronok
  8208 | D:9      | Reached skill level 5 in Throwing
  8218 | D:9      | Reached XP level 11. HP: 50/111 MP: 15/15
  8751 | D:9      | Noticed Erica
  8775 | D:9      | Killed Erica
  9105 | D:9      | Reached ***** piety under Qazlal
  9306 | D:10     | Entered Level 10 of the Dungeon
  9714 | D:10     | Noticed Josephine
  9726 | D:10     | Killed Josephine
  9731 | D:10     | Reached skill level 10 in Invocations
  9985 | D:10     | Found a staircase to the Lair.
 10060 | D:10     | Noticed Urug
 10070 | D:10     | Killed Urug
 10182 | D:10     | Noticed a catoblepas
 10182 | D:10     | Noticed a flayed ghost
 10186 | D:10     | Noticed a deep elf pyromancer
 10763 | Lair:1   | Entered Level 1 of the Lair of Beasts
 10774 | Lair:1   | Reached XP level 12. HP: 94/118 MP: 17/19
 10812 | Lair:1   | Noticed a four-headed hydra
 10823 | Lair:1   | Killed a four-headed hydra
 10864 | Lair:1   | Identified a scroll of acquirement
 10864 | Lair:1   | Acquired the +8 orange crystal plate armour {Archmagi,
                  | Int+3 Clar}
 10864 | Lair:1   | Found the +8 orange crystal plate armour {Archmagi, Int+3
                  | Clar}
 11045 | Lair:1   | Noticed a catoblepas
 11058 | Lair:1   | Killed a catoblepas
 11094 | Lair:1   | Found a gate leading to a gauntlet.
 11101 | Gauntlet | Entered a Gauntlet
 11101 | Gauntlet | Found a transporter.
 11158 | Gauntlet | Found a transporter.
 11175 | Gauntlet | Found a transporter.
 11178 | Gauntlet | Found a transporter.
 11187 | Gauntlet | Noticed a reaper
 11198 | Gauntlet | Found a transporter.
 11211 | Gauntlet | Found a transporter.
 11216 | Gauntlet | Found a transporter.
 11220 | Gauntlet | Found a transporter.
 11247 | Gauntlet | Found a runed translucent door.
 11248 | Gauntlet | Found a transporter.
 11249 | Gauntlet | Found a transporter.
 11253 | Gauntlet | Found a transporter.
 11274 | Gauntlet | Found a transporter.
 11296 | Gauntlet | Found a runed translucent door.
 11331 | Gauntlet | Identified the ring "Goiginy" {Will+ Str-4 Int-2 Dex+8
                  | SInv}
 11442 | Gauntlet | Identified the ring "Byh Bywycyt" {rF+ EV+4 Str+2 Stlth+}
 11442 | Gauntlet | Noticed a minotaur
 11456 | Gauntlet | Killed a minotaur
 11463 | Gauntlet | Identified the ring of Giog {rF+ rN+ Int+6 Slay+4}
 12493 | Lair:2   | Identified a ring "Worchic" {rC+ rN+ AC+4 Dex-2}
 12596 | Lair:2   | Reached XP level 13. HP: 125/125 MP: 21/21
 12953 | Lair:2   | Identified the +5 ring mail of the Orb {Dex+6}
 13654 | Lair:3   | Noticed Sonja
 13660 | Lair:3   | Found a hole to the Spider Nest.
 13663 | Lair:3   | Killed Sonja
 13664 | Lair:3   | Reached skill level 10 in Throwing
 14056 | Lair:3   | Found a staircase to the Swamp.
 14500 | Lair:4   | Reached ****** piety under Qazlal
 14644 | Lair:4   | Found a staircase to the Slime Pits.
 14644 | Lair:4   | Found a viscous altar of Jiyva.
 14725 | Lair:4   | Identified the +8 rapier of Abomination {freeze, rF- Int+3
                  | Dex+8}
 14952 | Lair:4   | Reached skill level 15 in Invocations
 15615 | Lair:5   | Entered Level 5 of the Lair of Beasts
 15627 | Lair:5   | Reached XP level 14. HP: 133/133 MP: 15/24
 16379 | Lair:5   | Identified the +3 arbalest "Getracku" {speed, Fragile rF++
                  | Stlth+}
 16380 | Lair:5   | Identified the +9 halberd of Bewote {drain, rF+ Stlth+}
 16391 | Lair:5   | Reached skill level 1 in Evocations
 17344 | D:11     | Noticed Lodul
 17368 | D:11     | Killed Lodul
 17654 | D:11     | Found a staircase to the Orcish Mines.
 17997 | D:11     | Reached skill level 5 in Evocations
 18259 | D:11     | You fall into a shaft and drop 2 floors!
 18573 | D:12     | Noticed Nergalle
 18580 | D:12     | Killed Nergalle
 18661 | D:12     | Reached XP level 15. HP: 133/139 MP: 26/26
 19606 | Orc:1    | Entered Level 1 of the Orcish Mines
 20668 | Orc:2    | Entered Level 2 of the Orcish Mines
 20680 | Orc:2    | Paralysed by an orc sorcerer for 4 turns
 20775 | Orc:2    | Found Zanuad's Antique Weapon Shoppe.
 20819 | Orc:2    | Noticed an orc warlord
 20831 | Orc:2    | Killed an orc warlord
 20937 | Orc:2    | Found Ciyv's Antique Weapon Boutique.
 20946 | Orc:2    | Bought a glowing broad axe for 224 gold pieces
 21007 | Orc:2    | Found Ekhaul's Antique Armour Boutique.
 21171 | Orc:2    | Got the Catalogue of the Eleven Thickets
 21201 | Orc:2    | Found Qicuts's Book Boutique.
 21229 | Orc:2    | Noticed an orc warlord
 21243 | Orc:2    | Killed an orc warlord
 21605 | Orc:2    | Found Xolev's General Store.
 21800 | Orc:2    | Found a staircase to the Elven Halls.
 22046 | Orc:2    | Bought a scroll of immolation for 44 gold pieces
 22046 | Orc:2    | Bought a potion of resistance for 110 gold pieces
 22046 | Orc:2    | Bought 5 curare-tipped darts for 33 gold pieces
 22046 | Orc:2    | Bought a potion of cancellation for 88 gold pieces
 22046 | Orc:2    | Bought a phantom mirror for 440 gold pieces
 22046 | Orc:2    | Bought a potion of invisibility for 88 gold pieces
 22255 | D:4      | Bought a scroll of magic mapping for 105 gold pieces
 22255 | D:4      | Bought 2 potions of heal wounds for 140 gold pieces
 22255 | D:4      | Bought a potion of curing for 42 gold pieces
 22255 | D:4      | Bought a wand of digging (4) for 235 gold pieces
 23348 | D:14     | Reached skill level 15 in Axes
 23469 | D:14     | Found a gate to the Vaults.
 23565 | D:14     | Found a hide-covered altar of Uskayaw.
 24418 | D:15     | Entered Level 15 of the Dungeon
 24424 | D:15     | Noticed Louise
 24436 | D:15     | Killed Louise
 24564 | Abyss:2  | Cast into level 2 of the Abyss (a wizard)
 24728 | Abyss:2  | Noticed a dread lich
 24738 | Abyss:2  | Killed a dread lich
 24739 | Abyss:2  | Reached XP level 16. HP: 88/117 MP: 21/21
 24909 | Abyss:2  | Killed from afar by a blizzard demon

Illustrated notes

Levels and vault maps discovered:
D:1:      ncdulo_halloftheorcs, layout_loops_corners,
          chequers_ecumenical_altar_grove
D:2:      layout_rooms, basic_altar, grunt_decor_one_mirror,
          grunt_decor_arrowhead, minmay_box_of_dots
D:3:      layout_loops_ring, kennysheep_nondescript, uniq_ijyb
D:4:      layout_layer_cave, mainiacjoe_overflow_paths,
          minmay_temple_entry_proselytizer, lightli_sewer_entry_pipes,
          dreamdust_mushroom_princess, corexii_corridor_pit,
          hangedman_abyss_or_decor_lesser_grid, nicolae_stop_n_shop_2
D:5:      layout_basic, uniq_sigmund
D:6:      layout_basic, okawaru_altar_gauntlet_db, solitary_fountain
D:7:      layout_rooms
D:8:      layout_gridville
D:9:      layout_loops_ring, uniq_erica, uniq_gastronok
D:10:     layout_stronghold, due_lair_maze_entry_diamond,
          onia_ninara_dug_in_and_dangerous, uniq_josephine, uniq_urug
D:11:     layout_basic, kennysheep_orc_monster_closet_entryway, uniq_lodul
D:12:     layout_loops_ring, kennysheep_generic_room_12, uniq_nergalle
D:13:     layout_cave_pods, hangedman_tell_no_tales
D:14:     layout_basic, david_vaults_1, nicolae_uskayaw_en_pointe
D:15:     grunt_enter_depths_giant_problem, layout_basic,
          hangedman_decor_opposing, minmay_starry_boxes, uniq_louise
Temple:   nicolae_temple_bog_church
Lair:1:   layout_loops_ring, gauntlet_entry_generic, grunt_megastairs_4
Lair:2:   layout_loops_ring, forest_entry_grove, serial_bayou_shore_b
Lair:3:   layout_hall_layers, minmay_swamp_entry_worms,
          spider_nest_entry_web_field, infiniplex_staircase_pool_2,
          lemuel_fruit_tree, grunt_megastairs_5, uniq_sonja
Lair:4:   lemuel_reptile_caves, layout_cellular_growth,
          minmay_slime_entry_pillars
Lair:5:   minmay_lair_end_frog_pond, layout_gridlike, st_stairs_6,
          kennysheep_rathole
Orc:1:    layout_caves, basic_altar
Orc:2:    grunt_orc_gardens, layout_caves, grunt_orc_garden, grunt_orc_garden,
          grunt_orc_garden, grunt_orc_garden, serial_shops,
          nicolae_shop_advertising_works [nicolae_subvault_shop_adworks],
          guppyfry_library_mini
Abyss:2:  base:
D:1

Skill      XL: |  1  2  3  4  5  6  7  8  9 10 11 12 13 14 15 |
---------------+----------------------------------------------+-----
Axes           | 3 4 5 12 17 | 17.6
Shields        | 4 5 |  5.0
Fighting       | 4 14 | 14.8
Armour         | 4 5 |  5.0
Invocations    | 2 4 7 10 13 15 17 | 17.2
Throwing       | 1 3 5 7 9 11 12 | 12.0
Evocations     | 6 8 |  8.0

Action                   |  1- 3 |  4- 6 |  7- 9 | 10-12 | 13-15 | 16-18 || total
-------------------------+-------+-------+-------+-------+-------+-------++-------
Melee: War axe           |    75 |    81 |   302 |       |       |       ||   458
       Headbutt          |     8 |    17 |    50 |    96 |   219 |    10 ||   400
       Broad axe         |       |       |       |   459 |   856 |    33 ||  1348
       Morningstar       |       |       |       |     5 |    16 |       ||    21
Throw: Boomerang         |       |       |     8 |     4 |    50 |       ||    62
       Dart              |       |       |       |       |     1 |       ||     1
Invok: Disaster Area     |       |       |       |       |    10 |       ||    10
       Elemental Force   |       |       |       |       |     1 |       ||     1
Evoke: Wand              |       |       |       |     2 |     8 |       ||    10
       Phantom mirror    |       |       |       |       |     1 |       ||     1
  Use: Potion            |       |     4 |     1 |     4 |     6 |       ||    15
       Scroll            |       |     3 |       |    18 |     7 |     2 ||    30
 Stab: Invisible         |       |       |       |     6 |       |       ||     6
       Confused          |       |       |       |       |     2 |       ||     2
Armor: Scale mail        |    33 |    38 |    88 |       |       |       ||   159
       Plate armour      |       |       |    61 |   119 |       |       ||   180
       Chain mail        |       |       |       |    25 |       |       ||    25
       Crystal plate arm |       |       |       |    76 |   649 |     9 ||   734
Dodge: Dodged            |    24 |    30 |    87 |   116 |   282 |     3 ||   542
       Repelled          |       |       |       |     1 |     5 |     1 ||     7
Block: Buckler           |    14 |    16 |   111 |   235 |   343 |       ||   719
       Kite shield       |       |       |       |       |   332 |       ||   332
       Tower shield      |       |       |       |       |    81 |    29 ||   110
